Map: Deathaura LE

Players

Geralt (Gerald)

  • Race: Protoss Protoss
  • League: Grandmaster
  • Spawn Location: 5:00

soul - Winner!

  • Race: Terran Terran
  • League: Master
  • Spawn Location: 11:00

Event: DreamHack SC2 Masters 2020 Summer Europe

VOD

Have the link to the VOD?

Description

Time

  • Played on: July 8, 2020, 10:28 a.m.
  • Length: 25:04

All games in this series

Show
View Real Time Build Order
Export as new Build Order

Geralt Protoss 

Build Orders: 1 Gate Expand, Oracle Opening, Phoenix Opening 

Get SALT Encoding   

  12  0:00  Probe  
  13  0:12  Probe  
  14  0:18  Pylon  
  14  0:23  Probe  
  15  0:32  Probe  
  15  0:39  Gateway  
  15  0:40  Probe  
  16  0:46  Assimilator  
  17  0:52  Probe  
  18  1:04  Probe  
  19  1:16  Probe  
  20  1:26  Cybernetics Core  
  20  1:28  Probe  
  21  1:35  Nexus  
  21  1:43  Pylon  
  21  1:46  Probe  
  22  1:52  Stalker, Assimilator  
  21  1:58  Probe  
  24  2:10  Probe  
  25  2:22  Probe  
  26  2:28  Stargate  
  26  2:30  Adept  
  26  2:33  Shield Battery  
  26  2:34  Probe  
  26  2:36  Warp Gate  
  29  2:46  Probe  
  31  2:51  Probe  
  31  2:58  Probe  
  31  3:03  Probe  
  33  3:07  Oracle  
  33  3:10  Probe  
  34  3:16  Probe  
  38  3:22  Probe  
  39  3:27  Gateway x2  
  39  3:28  Probe  
  39  3:33  Pylon  
  40  3:34  Probe  
  40  3:36  Phoenix  
  40  3:40  Probe  
  42  3:47  Probe  
  45  3:53  Probe  
  45  3:54  Twilight Council  
  46  3:57  Assimilator  
  46  3:59  Probe, Assimilator  
  47  4:05  Probe  
  48  4:11  Probe  
  45  4:17  Probe  
  45  4:21  Blink  
  45  4:23  Probe  
  46  4:24  Stalker  
  46  4:25  Stalker x2  
  46  4:29  Probe  
  53  4:33  Forge  
  53  4:50  Nexus  
  53  4:55  Probe  
  54  5:02  Protoss Ground Weapons Level 1  
  54  5:06  Pylon  
  54  5:15  Pylon  
  54  5:21  Probe x2  
  54  5:25  Stalker x3  
  59  5:34  Probe x2  
  61  5:39  Robotics Facility  
  61  5:46  Probe x2  
  63  5:56  Stalker x3  
  69  5:58  Probe  
  69  6:01  Probe  
  69  6:03  Charge  
  71  6:10  Probe  
  71  6:11  Probe  
  73  6:13  Probe  
  73  6:18  Gateway  
  74  6:19  Gateway  
  74  6:20  Pylon  
  74  6:22  Probe  
  74  6:23  Probe  
  74  6:24  Stalker, Sentry x2  
  82  6:26  Probe  
  83  6:34  Probe  
  83  6:35  Probe  
  83  6:38  Probe  
  86  6:41  Gateway  
  86  6:45  Gateway  
  86  6:46  Probe, Phoenix, Photon Cannon  
  87  6:51  Stalker  
  87  6:53  Stalker  
  87  6:54  Gateway, Photon Cannon  
  89  6:59  Observer  
  91  7:01  Photon Cannon  
  91  7:03  Protoss Ground Armor Level 1  
  92  7:10  Probe  
  93  7:16  Phoenix x2  
  93  7:21  Probe x2, Pylon x2  
  93  7:25  Probe  
  92  7:31  Assimilator  
  92  7:32  Assimilator  
  92  7:33  Probe  
  92  7:35  Templar Archives  
  93  7:38  Pylon  
  93  7:39  Probe x2, Immortal  
  93  7:40  Zealot x4  
  107  7:45  Zealot  
  107  7:50  Pylon  
  109  7:57  Nexus  
  109  8:00  Probe  
  109  8:02  Probe x2  
  94  8:08  Probe  
  94  8:10  Probe x2  
  97  8:16  Photon Cannon, Psionic Storm  
  97  8:17  Probe  
  97  8:19  Pylon  
  99  8:20  Probe x2  
  102  8:29  Probe  
  102  8:32  Warp Prism, Probe x2  
  102  8:33  High Templar  
  102  8:34  Zealot x3, High Templar x3  
  121  8:42  Probe  
  121  8:46  Probe  
  123  8:49  Probe  
  123  8:54  Probe  
  125  9:00  Shield Battery, Photon Cannon  
  123  9:08  Probe  
  123  9:09  Robotics Bay, Zealot x2  
  128  9:13  Probe  
  128  9:15  Robotics Facility  
  128  9:16  Pylon  
  129  9:20  Zealot x4  
  129  9:23  Phoenix  
  133  9:25  Zealot x2  
  135  9:35  Probe x2  
  135  9:36  Probe  
  140  9:39  Photon Cannon  
  140  9:47  Stalker  
  140  9:49  High Templar x5  
  140  9:50  Zealot x2  
  145  10:02  Probe  
  136  10:08  Archon  
  136  10:14  Probe  
  131  10:16  Probe  
  131  10:17  Probe, Disruptor x2  
  131  10:20  Probe  
  138  10:26  Probe  
  139  10:35  Probe  
  135  10:37  Probe  
  135  10:39  Stalker x7  
  135  10:40  Stalker  
  135  10:41  Probe  
  135  10:42  Probe  
  147  10:46  Observer  
  147  10:48  Protoss Ground Weapons Level 2  
  147  10:53  Disruptor  
  147  10:54  Probe x2  
  147  10:55  Probe  
  147  10:56  Probe  
  155  11:06  Probe x2  
  155  11:10  Probe  
  155  11:11  Probe  
  154  11:18  Probe  
  154  11:19  Probe  
  154  11:22  Dark Shrine  
  156  11:28  Gravitic Drive  
  156  11:30  Pylon  
  156  11:31  Pylon  
  156  11:39  Pylon  
  156  11:40  Pylon  
  156  11:48  Probe x2  
  156  11:51  Stalker  
  156  11:52  Stalker  
  153  12:01  Phoenix  
  153  12:06  Stalker x6  
  163  12:18  Probe x2  
  163  12:19  Probe  
  167  12:22  Probe  
  167  12:26  Probe  
  167  12:27  Photon Cannon  
  167  12:29  Shadow Stride  
  167  12:30  Probe  
  167  12:31  Probe  
  167  12:34  Probe, Disruptor  
  167  12:36  Probe  
  175  12:54  Disruptor  
  178  13:08  Probe x2  
  178  13:09  Stalker x4  
  178  13:10  Stalker x3  
  181  13:15  Probe  
  181  13:18  Observer  
  181  13:19  Probe  
  184  13:20  Probe  
  184  13:21  Probe  
  184  13:23  Probe  
  184  13:26  Stalker  
  185  13:31  Probe  
  185  13:32  Probe  
  185  13:33  Probe x2  
  188  13:36  Protoss Ground Armor Level 2  
  188  13:47  Probe  
  188  13:48  Probe  
  188  13:49  Pylon  
  188  13:50  Pylon  
  186  14:06  Assimilator  
  186  14:08  Disruptor  
  189  14:19  Probe x3  
  189  14:20  Probe  
  189  14:21  Pylon  
  191  14:31  Probe  
  194  14:39  Dark Templar x4  
  200  14:47  Nexus  
  200  15:08  Photon Cannon  
  200  15:09  Shield Battery  
  200  15:18  Pylon  
  200  15:21  Assimilator  
  200  15:24  Gateway  
  200  15:26  Gateway  
  200  15:28  Gateway  
  200  15:31  Gateway  
  200  15:42  Probe x3  
  200  15:47  Pylon  
  196  15:57  Stalker x3  
  186  16:04  Stalker x5  
  194  16:15  Probe  
  194  16:17  Probe  
  194  16:20  Probe  
  194  16:22  Stalker x3  
  193  16:42  Protoss Shields Level 1  
  193  16:44  Probe  
  193  16:49  Dark Templar x2  
  193  16:50  Dark Templar  
  199  17:03  Probe  
  89  17:46  Stalker x3  
  89  17:47  Stalker x7  
  89  17:49  Stalker x2  
  89  17:50  Probe x2  
  86  17:52  Probe  
  81  18:08  Disruptor x2  
  85  18:13  Probe  
  84  18:23  High Templar  
  84  18:24  Zealot x2, High Templar x2  
  84  18:25  Zealot  
  96  18:33  Probe  
  96  18:34  Probe  
  96  18:35  Probe x2  
  96  18:36  Probe  
  101  18:47  Probe x2  
  103  18:55  Probe  
  103  18:57  Disruptor  
  103  18:59  Probe  
  103  19:00  Probe  
  103  19:01  Probe  
  108  19:03  Probe  
  108  19:04  Probe  
  109  19:27  Stalker x2  
  108  19:40  Zealot x8  
  121  19:46  Probe  
  121  19:50  Probe x3  
  121  19:52  Stalker  
  122  19:57  Probe, Dark Templar  
  113  20:34  Disruptor x2  
  115  20:37  Zealot x2  
  115  20:38  Zealot x4  
  87  21:05  Stalker x4  
  75  21:30  Probe  
  75  21:34  Probe x2  
  75  21:35  Probe  
  75  21:38  Probe  
  79  21:40  Dark Templar  
  79  21:42  Zealot x6  
  79  21:46  Probe x2  
  96  21:47  Probe  
  96  21:51  Zealot  
  99  21:59  Probe x3  
  102  22:06  Probe  
  103  22:11  Probe  
  104  22:22  Disruptor  
  87  22:31  Probe, Disruptor  
  88  22:43  Zealot x8  
  107  22:56  Stalker x2  
  69  23:34  Zealot x7  
  80  23:50  Dark Templar  
  80  24:10  Zealot x2  
Show
View Real Time Build Order
Export as new Build Order

soul Terran - Winner!

Build Orders:  

Get SALT Encoding   

  12  0:00  SCV  
  13  0:13  SCV  
  14  0:17  Supply Depot  
  14  0:25  SCV  
  15  0:38  SCV  
  15  0:40  Barracks  
  16  0:45  Refinery  
  16  0:50  SCV  
  17  1:02  SCV  
  18  1:14  SCV  
  19  1:27  Orbital Command, Marine  
  20  1:49  Command Center  
  20  1:52  Factory  
  20  1:54  SCV  
  20  2:00  Supply Depot  
  21  2:04  Barracks Reactor  
  21  2:06  SCV  
  22  2:13  Refinery  
  22  2:19  SCV  
  23  2:31  SCV  
  24  2:41  Starport  
  24  2:43  SCV  
  24  2:44  Hellion x2  
  29  2:55  SCV  
  30  3:01  Orbital Command  
  34  3:05  Widow Mine x2  
  34  3:06  Barracks Tech Lab  
  34  3:09  SCV  
  35  3:21  SCV  
  35  3:23  Medivac  
  35  3:26  SCV  
  39  3:34  SCV  
  40  3:37  Bunker  
  40  3:38  SCV  
  40  3:39  Cyclone, Marine  
  45  3:41  Marine  
  46  3:54  Supply Depot  
  46  3:55  Supply Depot  
  46  4:02  Starport Tech Lab  
  46  4:09  SCV  
  46  4:10  Marine  
  46  4:11  Marine  
  46  4:15  SCV, Cyclone  
  46  4:16  Viking  
  52  4:21  SCV, Supply Depot  
  53  4:27  SCV  
  54  4:33  SCV  
  54  4:34  Command Center  
  55  4:39  SCV  
  56  4:45  SCV  
  56  4:51  SCV, Barracks  
  58  4:53  Armory  
  58  4:54  Barracks  
  58  4:56  Marine  
  58  4:57  SCV, Marine  
  59  5:04  SCV  
  59  5:06  Siege Tank  
  63  5:09  Supply Depot, Starport Tech Lab  
  63  5:10  SCV  
  63  5:14  Marine  
  63  5:16  SCV  
  64  5:22  SCV  
  64  5:24  Marine  
  64  5:28  SCV, Refinery  
  67  5:29  Engineering Bay  
  67  5:30  Engineering Bay, Refinery  
  67  5:31  Marine  
  67  5:34  SCV  
  69  5:39  Siege Tank  
  72  5:43  Drilling Claws  
  72  5:47  SCV  
  73  5:50  Barracks Tech Lab  
  73  5:53  SCV  
  73  5:55  Stimpack  
  73  5:56  Marauder, Orbital Command  
  72  6:00  SCV  
  72  6:03  Supply Depot, Marine x2  
  75  6:06  SCV  
  74  6:11  Widow Mine  
  74  6:17  SCV, Marauder  
  79  6:18  Terran Infantry Weapons Level 1  
  79  6:21  SCV  
  79  6:22  Barracks  
  79  6:24  Barracks  
  80  6:28  Marauder, Marine  
  80  6:32  SCV  
  84  6:33  Medivac  
  84  6:34  Widow Mine  
  84  6:39  Marauder  
  90  6:40  SCV  
  90  6:44  SCV, Supply Depot, Terran Infantry Armor Level 1  
  90  6:46  Marine  
  93  6:50  Marauder  
  93  6:53  SCV  
  96  6:57  SCV, Marine  
  96  7:00  Marauder, Orbital Command  
  100  7:04  Supply Depot x2, Marine  
  100  7:05  SCV  
  100  7:07  Starport Reactor  
  102  7:11  Marauder  
  102  7:13  Factory Reactor  
  102  7:14  Barracks Reactor  
  102  7:15  Barracks Tech Lab  
  102  7:17  SCV  
  102  7:19  Marine  
  102  7:21  Marauder  
  102  7:22  SCV  
  105  7:24  Marine  
  104  7:30  SCV  
  104  7:33  Marauder  
  104  7:34  SCV  
  104  7:37  Bunker x2, Marine  
  108  7:41  Refinery  
  108  7:42  SCV  
  108  7:43  Marauder x2, Marine  
  115  7:47  SCV  
  115  7:48  SCV  
  115  7:51  Medivac x2  
  121  7:52  Supply Depot, Widow Mine  
  121  7:53  Combat Shield  
  121  7:54  SCV, Marauder  
  125  8:03  Marine  
  125  8:12  SCV x2  
  125  8:13  Marine x2  
  125  8:14  Marauder, Widow Mine x2  
  125  8:15  Supply Depot  
  125  8:17  SCV  
  125  8:18  Refinery  
  125  8:19  Supply Depot, Marauder x2  
  137  8:21  Medivac x2  
  141  8:37  Marauder, Marine x2, Terran Infantry Weapons Level 2  
  141  8:39  Command Center  
  141  8:40  Marauder  
  147  8:42  Widow Mine  
  147  8:48  Supply Depot  
  149  8:50  Ghost Academy  
  149  8:51  Medivac, Widow Mine  
  149  9:02  Marauder x3, Marine x2  
  156  9:06  Supply Depot  
  157  9:10  Supply Depot, Widow Mine  
  157  9:12  Widow Mine, Marine  
  161  9:18  Marine  
  161  9:19  Marine  
  161  9:20  Marine  
  160  9:24  Medivac x2  
  160  9:30  Enhanced Shockwaves, Marine  
  163  9:40  Ghost x3  
  162  9:47  Marine x2  
  162  9:49  SCV  
  162  9:50  Supply Depot  
  162  9:51  SCV  
  162  9:52  Supply Depot  
  154  10:08  Marine  
  154  10:09  Ghost x3  
  154  10:10  Medivac  
  154  10:13  Marine x2  
  152  10:14  Marine  
  152  10:16  Widow Mine  
  152  10:18  Medivac  
  157  10:23  Widow Mine  
  157  10:26  Marine  
  157  10:27  SCV x3  
  159  10:31  Marine  
  160  10:38  Marauder x3, Widow Mine, Marine  
  160  10:39  SCV x3  
  160  10:42  Fusion Core  
  172  10:44  Widow Mine  
  172  10:47  Sensor Tower  
  172  10:48  Refinery  
  172  10:49  Planetary Fortress  
  172  10:50  Refinery, Marine  
  172  10:51  SCV  
  174  10:59  Marauder  
  174  11:00  Marauder x2, Marine  
  174  11:02  Widow Mine  
  181  11:11  Liberator  
  181  11:17  Starport  
  182  11:19  Liberator  
  182  11:20  Barracks  
  182  11:21  Marauder  
  182  11:22  Barracks  
  182  11:24  Barracks  
  187  11:31  Factory Reactor  
  187  11:32  Advanced Ballistics, Missile Turret  
  187  11:34  Missile Turret  
  187  11:35  Concussive Shells  
  187  11:38  Missile Turret, Sensor Tower  
  187  11:44  Marine  
  187  11:45  Marauder  
  190  11:48  Marine  
  190  11:49  Marauder  
  190  11:52  Marine  
  190  11:53  Marauder  
  190  11:54  Liberator  
  196  11:56  Marine  
  199  12:02  Marine  
  199  12:06  Marauder  
  188  12:10  Liberator  
  188  12:13  Barracks Tech Lab x3  
  180  12:20  Medivac x2, Command Center  
  180  12:27  Terran Ship Weapons Level 1  
  180  12:28  Terran Infantry Armor Level 2  
  180  12:37  Liberator  
  181  12:50  Command Center, Liberator x2  
  187  12:55  Terran Infantry Weapons Level 3  
  181  13:08  Liberator  
  182  13:18  Ghost  
  182  13:19  Liberator  
  180  13:21  Marauder x2, Marine  
  180  13:25  Command Center  
  186  13:28  Marine  
  186  13:32  Marine  
  186  13:33  Liberator  
  194  13:36  Marine  
  194  13:39  Marine  
  196  13:42  Marauder  
  196  13:47  Liberator  
  194  13:51  Liberator  
  195  14:02  SCV, Liberator  
  193  14:04  Orbital Command  
  194  14:16  Liberator  
  197  14:21  Starport  
  194  14:29  Liberator  
  194  14:34  Marauder, Marine  
  194  14:36  Terran Ship Weapons Level 2  
  197  14:41  Marine  
  197  14:42  Marauder  
  197  14:59  Marine  
  200  15:00  Marauder  
  200  15:07  Liberator  
  200  15:20  Orbital Command  
  200  15:22  Personal Cloaking  
  200  15:32  Starport Reactor  
  197  15:37  Medivac  
  199  15:56  Missile Turret  
  192  16:01  Marine, Liberator  
  192  16:02  Marauder  
  193  16:06  Liberator  
  193  16:07  Marauder, Marine  
  193  16:09  Marauder, Marine  
  193  16:10  Marine x2  
  200  16:20  Planetary Fortress  
  200  16:23  Missile Turret  
  193  16:29  Missile Turret  
  182  16:47  Nuke  
  182  16:49  Sensor Tower  
  182  16:57  Terran Infantry Armor Level 3, Neosteel Armor  
  182  17:03  Starport Reactor  
  182  17:15  Ghost Academy x2, Rapid Reignition System  
  182  17:20  Terran Ship Weapons Level 3, Command Center  
  182  17:22  Command Center  
  158  17:34  Marine  
  158  17:35  Marauder x4, Liberator x2  
  117  17:37  Marine  
  117  17:38  Marauder x2, Marine  
  117  17:40  Marine  
  96  17:44  Liberator  
  96  17:49  Liberator  
  96  17:50  Liberator  
  94  17:51  Liberator  
  94  17:52  Marine, Widow Mine x2  
  94  17:55  Marine  
  94  17:56  Marauder x4, Marine  
  94  17:58  Marine  
  107  17:59  Marauder x2  
  94  18:10  Marine  
  94  18:13  Marine  
  94  18:14  Widow Mine, Marine  
  94  18:18  SCV x4, Liberator x2  
  115  18:20  Marine  
  120  18:30  SCV  
  120  18:31  Sensor Tower  
  120  18:32  Medivac  
  124  18:37  Hi-Sec Auto Tracking  
  124  18:38  Ghost x2, Marine  
  124  18:39  Marine x7  
  126  18:42  Widow Mine x2  
  130  18:51  Orbital Command  
  125  18:56  Marine x3  
  125  18:57  Marauder x4  
  125  19:00  SCV  
  139  19:08  Refinery  
  137  19:11  Medivac x2, Refinery  
  136  19:23  SCV  
  137  19:35  Medivac  
  137  19:40  SCV, Missile Turret  
  137  19:41  SCV  
  137  19:42  SCV x3  
  137  19:43  Refinery  
  140  19:47  Marine  
  140  19:48  Marauder x2  
  130  19:58  Marauder  
  130  19:59  Marauder  
  134  20:00  Marine  
  135  20:11  Marauder x3  
  135  20:12  Marine  
  144  20:22  Marine  
  150  20:34  Liberator  
  151  20:38  Liberator  
  151  20:41  Liberator x2  
  154  20:45  Marauder, Marine  
  153  20:51  Marine  
  153  20:52  Marauder  
  156  20:57  Liberator  
  145  21:06  Marauder x4, Marine  
  145  21:11  Marauder, Marine  
  142  21:28  Marine  
  142  21:29  Marauder  
  142  21:31  Marine  
  145  21:40  SCV x3  
  150  21:51  Ghost x2  
  146  21:55  Sensor Tower  
  146  21:58  Marauder, Marine  
  146  22:00  Orbital Command  
  147  22:05  Marine  
  147  22:06  Marauder  
  149  22:08  Marine  
  149  22:09  Marauder  
  149  22:10  Marauder  
  149  22:11  Marine  
  154  22:25  Marine  
  138  22:31  Marine  
  144  22:43  Ghost x3, Marine  
  137  22:49  Marauder, Marine  
  140  22:54  Marine  
  140  22:56  Marine  
  142  23:04  Marine  
  142  23:11  Marauder  
  139  23:23  Marine  
  139  23:28  Orbital Command  
  137  23:44  SCV, Missile Turret  
  137  23:45  SCV  
  135  24:05  Marine  
  135  24:06  Marauder  
  140  24:10  Marauder  
  140  24:17  Marauder  
  139  24:22  Marine  
  139  24:23  Marauder  
  135  24:31  Marauder, Marine  
Tags
 
Add a new tag
Caveats
  • Supply blocks, unpowered buildings, or Contaminate may cause inaccurate times.
  • Supply counts are checked every 10 seconds.